 Dungeon Crawl Stone Soup version 0.22-a0-252-gcace5d2 (webtiles) character file.

132 Amnesiac the Ducker (level 4, 0/24 HPs)
             Began as a Spriggan Fighter on Mar 1, 2018.
             Slain by a river rat (7 damage)
             ... summoned by Autsider's ghost
             ... on level 4 of the Dungeon.
             The game lasted 00:03:08 (1980 turns).

Amnesiac the Ducker (Spriggan Fighter)              Turns: 1980, Time: 00:03:08

Health: 0/24       AC:  4    Str: 13    XL:     4   Next: 92%
Magic:  5/5        EV: 21    Int:  9    God:
Gold:   112        SH:  6    Dex: 15    Spells: 3/3 levels left

rFire    . . .     SeeInvis +   a - +4 hunting sling
rCold    . . .     Gourm    .   c - +0 buckler
rNeg     . . .     Faith    .   j - +0 robe
rPois    .         Spirit   .   (helmet restricted)
rElec    .         Reflect  .   (no cloak)
rCorr    .         Harm     .   (gloves unavailable)
MR       .....                  (boots unavailable)
Stlth    +.........             (no amulet)
HPRegen  0.08/turn              e - +2 ring of protection
MPRegen  0.09/turn              (no ring)

@: very quick
A: very small, unfitting armour, see invisible, herbivore, speed 3, slow
metabolism 2
a: no special abilities


You were on level 4 of the Dungeon.
You were not hungry.

You visited 1 branch of the dungeon, and saw 4 of its levels.

You collected 112 gold pieces.

Inventory:

Hand Weapons
 a - a +4 hunting sling (weapon)
 b - a +0 long sword
 n - a +0 hunting sling
Missiles
 h - 85 stones (quivered)
Armour
 c - a +0 buckler (worn)
 j - a +0 robe (worn)
Jewellery
 e - a +2 ring of protection (left hand)
Scrolls
 k - a scroll of remove curse {!r, unknown}
 m - a scroll of enchant armour {!r, unknown}
Potions
 d - a potion of might {!q}
 l - a potion of lignification {!q, unknown}
 o - a potion of degeneration {!q, unknown}
Comestibles
 f - a ration


   Skills:
 - Level 3.0 Fighting
 - Level 2.0 Long Blades
 + Level 2.8 Slings
 - Level 6.2 Dodging
 - Level 2.1 Shields


You had 3 spell levels left.
You didn't know any spells.

Dungeon Overview and Level Annotations

Branches:
Dungeon (4/15)
 Temple: D:4-7

Altars:
Qazlal

Annotations:
D:4 Autsider's ghost, amateur TeSu


Innate Abilities, Weirdness & Mutations

You are very small and have problems with some larger weapons.
You are too small for most types of armour.
You have supernaturally acute eyesight. (SInv)
You are a herbivore.
You cover ground extremely quickly.
You need consume almost no food.


Message History

You block the quokka's attack.
You open the large door. 3 goblins and a hobgoblin come into view.
The goblin shoots a stone.
The stone hits you. The quokka bites you.
The goblin unwields an uncursed hunting sling.
The goblin completely misses you.
Found a ration.
There is a large open door here.
The goblin shouts! x2
The goblin shoots a stone.
The stone barely misses you.
The stone hits the goblin.
The goblin dies!
The hobgoblin shouts!
Firing (i - inventory)
h - 91 stones (quivered)
Press: ? - help, Shift-Dir - straight line, f/p - quokka
Aim: a quokka (heavily wounded, summoned)
You shoot a stone. The stone hits the hobgoblin!
You kill the hobgoblin!
The goblin unwields an uncursed hunting sling.
The goblin closely misses you.
The goblin unwields an uncursed hunting sling.
You block the goblin's attack.
Firing (i - inventory)
h - 90 stones (quivered)
Press: ? - help, Shift-Dir - straight line, f - river rat
Aim: a river rat (lightly wounded, summoned)
You shoot a stone. The stone barely misses the quokka.
The quokka bites you but does no damage.
The goblin hits you but does no damage. The river rat completely misses you.
The goblin misses you. You block the quokka's attack.
Firing (i - inventory)
h - 89 stones (quivered)
Press: ? - help, Shift-Dir - straight line, f/p - quokka
Aim: a quokka (heavily wounded, summoned)
You shoot a stone. The stone hits the quokka!
You kill the quokka!
The quokka's corpse disappears in a puff of smoke!
The goblin misses you. The river rat barely misses you. The goblin misses you.
Unknown command.
Firing (i - inventory)
h - 88 stones (quivered)
Press: ? - help, Shift-Dir - straight line, f - goblin
Aim: a goblin You shoot a stone.
The stone hits the goblin.
The goblin is heavily wounded.
The goblin barely misses you.
Autsider's ghost casts a spell.
The river rat bites you.
* * * LOW HITPOINT WARNING * * *
The goblin completely misses you. The goblin barely misses you.
Autsider's ghost casts a spell.
Firing (i - inventory)
h - 87 stones (quivered)
Press: ? - help, Shift-Dir - straight line, f/p - goblin
Aim: a goblin (heavily wounded)
You shoot a stone. The stone hits the goblin!
You kill the goblin!
The river rat disappears in a puff of smoke!
The river rat completely misses you. The goblin barely misses you.
Firing (i - inventory)
h - 86 stones (quivered)
Press: ? - help, Shift-Dir - straight line, f - goblin
Aim: a goblin You shoot a stone.
The stone barely misses the goblin.
The bat misses you. The river rat bites you.
* * * LOW HITPOINT WARNING * * *
The bat completely misses you. The goblin misses you.
The crimson imp blinks!
The river rat bites you!
You die...

............#(.....#
......rr....'...(..+
............#5.....#
.....#########g(§.##
.....)†.)))..#.g..#
.....#..)....#.W..#
###############'r#######
≈≈≈≈≈%)rbb≈≈≈≈≈≈
≈≈≈≈≈≈..@..≈≈≈≈≈
≈≈≈≈≈≈.(g.≈≈≈≈≈≈
≈≈.≈≈≈.....≈...≈
................
................
................
................
#####.#(...#.#.


You could see Autsider's ghost, a crimson imp, a river rat, a hobgoblin, 2
goblins, 2 bats and a rat.

Vanquished Creatures
  Terence (D:2)
  Robin (D:3)
  2 gnolls (D:4)
  2 adders (D:2)
  A worm (D:3)
  A leopard gecko (D:2)
  An orc (D:3)
  A bat (D:2)
  2 giant cockroaches (D:2)
  21 goblins
  10 hobgoblins
  3 jackals (D:1)
  2 rats
48 creatures vanquished.

Vanquished Creatures (others)
  A goblin (D:4)
1 creature vanquished.

Grand Total: 49 creatures vanquished

Notes
Turn   | Place    | Note
-------+----------+-------------------------------------------
     0 | D:1      | Amnesiac the Spriggan Fighter began the quest for the Orb.
     0 | D:1      | Reached XP level 1. HP: 11/11 MP: 2/2
    98 | D:2      | Reached XP level 2. HP: 13/16 MP: 3/3
   149 | D:2      | Noticed Terence
   168 | D:2      | Killed Terence
   168 | D:2      | Reached skill level 5 in Dodging
   168 | D:2      | Reached XP level 3. HP: 9/19 MP: 4/4
   566 | D:2      | Reached skill level 6 in Dodging
   698 | D:3      | Noticed Robin
   841 | D:2      | Reached XP level 4. HP: 18/23 MP: 5/5
  1433 | D:3      | Killed Robin
  1433 | D:3      | Reached skill level 1 in Slings
  1645 | D:3      | Found a stormy altar of Qazlal.
  1936 | D:4      | Noticed Autsider's ghost (amateur TeSu)
  1980 | D:4      | Slain by a river rat

Vault maps used:
D:1:      nicolae_arrival_somewhat_less_tricky_arrival
D:2:      uniq_terence
D:3:      lemuel_doored_altar, first_ration, uniq_crazy_yiuf_cottage,
          uniq_robin, uniq_ijyb
D:4:      minmay_goblin_kobold_castle, serial_shops, shop, uniq_natasha

Skill      XL: |  1  2  3  4 |
---------------+-------------+-----
Long Blades    | 2 |  2.0
Dodging        | 5 6 |  6.2
Fighting       | 3 |  3.0
Slings         | 2 |  2.8
Shields        | |  2.1

Action                   |  1- 3 |  4- 6 || total
-------------------------+-------+-------++-------
Melee: Long sword        |    58 |    36 ||    94
 Fire: Hunting sling     |       |    58 ||    58
  Use: Scroll            |       |     2 ||     2
       Potion            |       |     1 ||     1
 Stab: Sleeping          |       |     1 ||     1
Armor: Robe              |     5 |     4 ||     9
Dodge: Dodged            |    70 |    66 ||   136
Block: Buckler           |    26 |    35 ||    61
       Rpst.: Long sword |    28 |     6 ||    34

Table legend:
 A = Spawn XP
 B = Non-spawn XP
 C = Spawn XP percentage of total XP
 D = Spawn monster count
 E = Non-spawn monster count
 F = Spawn count percentage of total count
 G = Total turns spent on level
                    A         B        C        D         E        F      G
               +---------+---------+-------+---------+---------+-------+---------
         Total |       0 |     189 |   0.0 |       0 |      48 |   0.0 |  1980
               +---------+---------+-------+---------+---------+-------+---------
           D:1 |       0 |      11 |   0.0 |       0 |       6 |   0.0 |    81
           D:2 |       0 |      91 |   0.0 |       0 |      18 |   0.0 |  1313
           D:3 |       0 |      30 |   0.0 |       0 |       8 |   0.0 |   395
           D:4 |       0 |      57 |   0.0 |       0 |      16 |   0.0 |   191
               +---------+---------+-------+---------+---------+-------+---------
